 Dungeon Sprint DCSS version 0.29-a0-717-g6dac4ea423 (webtiles) character file.

Game seed: 14394211221080063779

14752 mhtbhm the Ninja (level 11, -8/75 HPs)
             Began as a Vampire Enchanter on June 26, 2022.
             Was the Champion of Dithmenos.
             Mangled by a fire giant
             ... wielding a +2 great sword of flaming
              (25 damage)
             ... in the Dungeon (Sprint I: "Red Sonja").
             The game lasted 00:08:59 (1839 turns).

mhtbhm the Ninja (Vampire Enchanter)                Turns: 1839, Time: 00:08:59

Health: -8/75      AC:  3    Str:  7    XL:     11   Next: 92%
Magic:  16/24      EV: 18    Int: 18    God:    Dithmenos [******]
Gold:   1300       SH:  5    Dex: 19    Spells: 12/28 levels left

rFire   + . .      SeeInvis +   a - +1 dagger
rCold   . . .      Faith    .   (no shield)
rNeg    . . .      Spirit   .   b - +1 robe {rC+}
rPois   +          Reflect  +   (no helmet)
rElec   .          Harm     .   (no cloak)
rCorr   .          Rampage  .   (no gloves)
Will    +....      NoTele   +   (no boots) Stlth *********+
                                r - amulet of reflection
HPRegen 0.42/turn               l - ring of poison resistance
MPRegen 0.19/turn               u - ring of fire

@: confusing by touch, healing quickly, hasted, wreathed by umbra, very quick
A: alive, fangs 3, see invisible, vampiric 2
a: Exsanguinate, Renounce Religion, Shadow Step, Shadow Form


You were in the Dungeon.
You worshipped Dithmenos.
Dithmenos was exalted by your worship.
You visited 1 branch You collected 3170 gold pieces.
You spent 1870 gold pieces at shops.

Inventory:

Hand Weapons
 a - a +1 dagger (weapon)
Missiles
 k - 4 curare-tipped darts (quivered)
Armour
 b - a +1 robe of cold resistance (worn)
 w - +0 gold dragon scales
Jewellery
 l - a ring of poison resistance (left hand)
 p - a ring of flight
 r - an amulet of reflection (around neck)
 u - a ring of fire (right hand)
 v - a ring of resist corrosion
Wands
 h - a wand of paralysis (3)
 j - a wand of mindburst (12)
Scrolls
 i - a scroll of brand weapon {unknown}
 n - a scroll of enchant armour {unknown}
 o - a scroll of vulnerability {unknown}
 q - a scroll of blinking
 s - a scroll of fog
Potions
 c - a potion of invisibility
 d - 3 potions of curing
 g - 4 potions of magic
 m - a potion of might {unknown}
Miscellaneous
 t - a phantom mirror (inert)
 x - a tin of tremorstones (2/2)


   Skills:
 + Level 3.5 Fighting
 + Level 8.8 Short Blades
 + Level 8.7 Dodging
 O Level 27 Stealth
 + Level 0.9 Shields
 + Level 9.1 Spellcasting
 + Level 18.3 Hexes
 + Level 3.7 Transmutations
 + Level 2.7 Ice Magic
 + Level 3.0 Earth Magic
 * Level 12.6 Invocations
 + Level 0.2 Evocations


You had 12 spell levels left.
You knew the following spells:

 Your Spells              Type           Power      Damage    Failure   Level
a - Ensorcelled Hibernat  Hex/Ice        92%        N/A       1%          2
b - Confusing Touch       Hex            65%        N/A       0%          3
c - Tukima's Dance        Hex            65%        N/A       0%          3
d - Dazzling Flash        Conj/Hex       82%        N/A       1%          3
e - Passwall              Tmut/Erth      16%        N/A       3%          2
f - Swiftness             Air            8%         N/A       26%         3

Your spell library contained the following spells:

 Spells                   Type           Power      Damage    Failure   Level
 Silence                  Hex/Air        20%        N/A       5%          5
 Passage of Golubria      Tloc           8%         N/A       65%         4
 Lehudib's Crystal Spear  Conj/Erth      6%         10d3      100%        8


Dungeon Overview and Level Annotations

Branches:
Dungeon (1/1)

Altars:
Cheibriados
Dithmenos
Elyvilon
Fedhas
Gozag
Hepliaklqana
Kikubaaqudgha
Makhleb
Nemelex Xobeh
Okawaru
Qazlal
Ru
Sif Muna
Trog
Uskayaw
Vehumet
Wu Jian
Xom
Yredelemnul
Zin
The Shining One
Jiyva
Lugonu

Shops:
D :*:*(*=?==*[!!([*(


Innate Abilities, Weirdness & Mutations

Your natural rate of healing is accelerated.
You have razor-sharp teeth.
You have supernaturally acute eyesight. (SInv)
You are afflicted with vampirism and can become a bat while bloodless.


Message History

You strike the helpless fire giant from behind!
You stick the fire giant like a pincushion!!!!
The fire giant is severely wounded.
Your shadow hits the fire giant but does no damage.
The fire giant barely misses itself.
Unknown command.
You catch the helpless fire giant completely off-guard!
You spit the fire giant like a pig!!!
You kill the fire giant!
Dithmenos accepts your kill.
Your Spellcasting skill increases to level 9!
Unknown command.
Unknown command.
Casting: Confusing Touch (safe; 0% risk of failure)
Confirm with . or Enter, or press ? or * to list all spells.
Your hands begin to glow red.
You hit the fire giant but do no damage.
The fire giant is lightly wounded.
Your shadow hits the fire giant with a dagger.
You hit the fire giant but do no damage.
The fire giant is lightly wounded.
You hit the fire giant but do no damage.
The fire giant is lightly wounded.
The fire giant gestures at you while chanting.
The bolt of fire hits you!! You resist.
* * * LOW HITPOINT WARNING * * *
You emit a cloud of dark smoke.
Your fire giant hits the fire giant with a +2 great sword of flaming!!
Your fire giant burns the fire giant.
You hit the fire giant but do no damage.
The fire giant is moderately wounded.
Your shadow hits the fire giant with a dagger.
You hit the fire giant but do no damage.
You bite the fire giant.
The fire giant is moderately wounded.
Your shadow hits the fire giant but does no damage.
You hit the fire giant but do no damage.
The fire giant is moderately wounded.
The fire giant hits you with a +2 great sword of flaming!!
You die...

##'#### #.##$$$#
##....#§§[#
#.°°..# #..###$#
###'##...# #.....+
##.#A#$# #(####'#
###○°○# #..###$#
##'#.§..# §.#..°#
#.##..$#
##§§§§.§.. #.#°.##
#..#+###
#..§..§§.. #.#..#
##.§§# ##..§......
#§##'# ###§#
#.....[)..§ #§##.#
#@# #......†...
'.#### #C#
##......... #§#
####C# #.........
#.#### #....#
##........
'.#!?(#####...####
##.[()..#
###)C.....C.##
########
#[([C...###
#[$.C..## #!....#


You could see a fire giant (ally target) and a friendly fire giant (summoned,
drained).

Vanquished Creatures
  A golden dragon (D)
  A shadow dragon (D)
  A fire giant (D)
  A hydra (D)
  2 centaur warriors (D)
  Sonja (D)
  A deep troll (D)
  A lindwurm (D)
  An oklob plant (D)
  7 unseen horrors (D)
  A gargoyle (D)
  4 demonic crawlers (D)
  2 kobold demonologists (D)
  A hornet (D)
  A slime creature (D)
  Sigmund (D)
  A yak (D)
  13 hogs (D)
  2 redbacks (D)
  3 floating eyes (D)
  An ogre (D)
  7 necrophages (D)
  8 jellies (D)
  Ijyb (D)
63 creatures vanquished.

Vanquished Creatures (others)
  2 ballistomycete spores (D)
2 creatures vanquished.

Grand Total: 65 creatures vanquished

Notes
Turn   | Place    | Note
-------+----------+-------------------------------------------
     0 | D        | mhtbhm the Vampire Enchanter began the quest for the Orb.
     0 | D        | Reached XP level 1. HP: 13/13 MP: 3/3
     2 | D        | Noticed Ijyb
     2 | D        | Paralysed by Ijyb for 3 turns
    17 | D        | Killed Ijyb
    18 | D        | Reached skill level 6 in Stealth
    18 | D        | Reached XP level 2. HP: 12/19 MP: 3/5
    67 | D        | Learned a level 2 spell: Ensorcelled Hibernation
    68 | D        | Noticed an ogre
    76 | D        | Killed an ogre
    77 | D        | Reached skill level 9 in Stealth
    77 | D        | Gained mutation: You are afflicted with vampirism and can
                  | become a bat while bloodless. [Vampire growth]
    77 | D        | Reached XP level 3. HP: 24/24 MP: 1/8
    77 | D        | Reached XP level 4. HP: 30/30 MP: 1/9
    81 | D        | Learned a level 3 spell: Confusing Touch
    85 | D        | Learned a level 3 spell: Tukima's Dance
   246 | D        | Noticed Sigmund
   249 | D        | Killed Sigmund
   250 | D        | Reached skill level 5 in Dodging
   250 | D        | Reached skill level 11 in Stealth
   250 | D        | Reached XP level 5. HP: 36/36 MP: 9/11
   250 | D        | Reached XP level 6. HP: 42/42 MP: 9/12
   263 | D        | Found an ornate altar of the Wu Jian Council.
   263 | D        | Found a shimmering blue altar of Sif Muna.
   265 | D        | Found a radiant altar of Vehumet.
   271 | D        | Reached skill level 12 in Stealth
   278 | D        | Found Boehor's General Store.
   278 | D        | Found an ancient bone altar of Kikubaaqudgha.
   278 | D        | Found a hazy altar of Hepliaklqana.
   278 | D        | Found a stormy altar of Qazlal.
   278 | D        | Found a hide-covered altar of Uskayaw.
   278 | D        | Found a blossoming altar of Fedhas.
   278 | D        | Found a bloodstained altar of Trog.
   278 | D        | Found an iron altar of Okawaru.
   278 | D        | Found a basalt altar of Yredelemnul.
   278 | D        | Found a snail-covered altar of Cheibriados.
   278 | D        | Found a sacrificial altar of Ru.
   278 | D        | Found a shadowy altar of Dithmenos.
   278 | D        | Noticed a yak
   279 | D        | Found an opulent altar of Gozag.
   280 | D        | Killed a yak
   281 | D        | Reached skill level 13 in Stealth
   281 | D        | Reached skill level 5 in Spellcasting
   281 | D        | Found a sparkling altar of Nemelex Xobeh.
   289 | D        | Became a worshipper of Dithmenos the Shadowed
   294 | D        | Learned a level 3 spell: Dazzling Flash
   333 | D        | Found a burning altar of Makhleb.
   333 | D        | Found a viscous altar of Jiyva.
   333 | D        | Found a shimmering altar of Xom.
   333 | D        | Found a corrupted altar of Lugonu.
   333 | D        | Noticed a slime creature
   336 | D        | Killed a slime creature
   337 | D        | Reached skill level 14 in Stealth
   337 | D        | Reached skill level 1 in Ice Magic
   337 | D        | Reached XP level 7. HP: 47/47 MP: 13/15
   362 | D        | Noticed Sonja
   366 | D        | Killed Sonja
   367 | D        | Reached skill level 16 in Stealth
   367 | D        | Reached skill level 15 in Hexes
   367 | D        | Reached XP level 8. HP: 53/53 MP: 15/17
   385 | D        | Found Adueted's Book Boutique.
   393 | D        | Bought a book of Burglary for 260 gold pieces
   396 | D        | Learned a level 2 spell: Passwall
   400 | D        | Learned a level 3 spell: Swiftness
   457 | D        | Noticed a deep troll
   461 | D        | Killed a deep troll
   461 | D        | Reached * piety under Dithmenos
   462 | D        | Reached skill level 17 in Stealth
   462 | D        | Reached skill level 5 in Invocations
   471 | D        | Found Geatusu's Armour Emporium.
   501 | D        | Noticed a centaur warrior
   502 | D        | Noticed a centaur warrior
   504 | D        | Killed a centaur warrior
   505 | D        | Reached skill level 18 in Stealth
   505 | D        | Reached XP level 9. HP: 58/58 MP: 17/19
   505 | D        | Killed a centaur warrior
   506 | D        | Reached skill level 5 in Short Blades
   506 | D        | Reached skill level 19 in Stealth
   519 | D        | Reached ** piety under Dithmenos
   530 | D        | Noticed an oklob plant
   532 | D        | Killed an oklob plant
   540 | D        | Reached skill level 20 in Stealth
   542 | D        | Reached *** piety under Dithmenos
   543 | D        | Reached skill level 1 in Fighting
   564 | D        | Noticed an unseen horror
   565 | D        | Noticed an unseen horror
   570 | D        | Killed an unseen horror
   571 | D        | Reached XP level 10. HP: 60/65 MP: 16/21
   587 | D        | Reached skill level 21 in Stealth
   610 | D        | Reached **** piety under Dithmenos
   645 | D        | Reached ***** piety under Dithmenos
   919 | D        | Found Sumpal's General Store.
   919 | D        | Found Xaiheew's Book Shop.
   919 | D        | Found Puazocko's Weapon Boutique.
   921 | D        | Found Ypyrif's Assorted Antiques.
   921 | D        | Found Onutoasm's Jewellery Shop.
   921 | D        | Found Useorocw's Magic Scroll Shoppe.
   921 | D        | Found Dauthruqa's Jewellery Boutique.
   921 | D        | Found Nerif's Jewellery Emporium.
   921 | D        | Found Mabbeav's General Store.
   921 | D        | Found Ofuhanip's Armour Shoppe.
   927 | D        | Found Mohu's Distillery.
   928 | D        | Found Cot Dueb's Antique Weapon Emporium.
   928 | D        | Found Gyuckid's Distillery.
   929 | D        | Found Irpheibobego's Assorted Antiques.
   930 | D        | Bought a scroll of blinking for 105 gold pieces
   943 | D        | Bought an amulet of reflection for 300 gold pieces
   963 | D        | Bought a scroll of blinking for 157 gold pieces
  1039 | D        | Reached skill level 22 in Stealth
  1039 | D        | Reached ****** piety under Dithmenos
  1084 | D        | Noticed a lindwurm
  1086 | D        | Killed a lindwurm
  1102 | D        | Reached skill level 23 in Stealth
  1102 | D        | Reached skill level 1 in Transmutations
  1102 | D        | Reached skill level 1 in Earth Magic
  1107 | D        | Noticed a gargoyle
  1111 | D        | Killed a gargoyle
  1143 | D        | Reached skill level 24 in Stealth
  1146 | D        | Reached XP level 11. HP: 74/74 MP: 23/23
  1157 | D        | Reached skill level 25 in Stealth
  1160 | D        | Reached skill level 10 in Invocations
  1161 | D        | Noticed a 12-headed hydra
  1163 | D        | Killed a 12-headed hydra
  1227 | D        | Bought a scroll of fog for 28 gold pieces
  1227 | D        | Bought a phantom mirror for 560 gold pieces
  1299 | D        | Bought a ring of fire for 325 gold pieces
  1300 | D        | Bought a ruby ring for 135 gold pieces
  1429 | D        | Noticed a shadow dragon
  1429 | D        | Noticed a golden dragon
  1431 | D        | Killed a shadow dragon
  1432 | D        | Reached skill level 26 in Stealth
  1433 | D        | Killed a golden dragon
  1434 | D        | Reached skill level 27 in Stealth
  1436 | D        | Identified the +10 morningstar of Kismet {elec, rElec Str+6
                  | Int+4 Stlth+}
  1505 | D        | Found Ates's Weapon Shoppe.
  1573 | D        | Noticed a daeva
  1809 | D        | Noticed a fire giant
  1810 | D        | Noticed a fire giant
  1810 | D        | Noticed a fire giant
  1810 | D        | Noticed a fire giant
  1832 | D        | Killed a fire giant
  1839 | D        | Mangled by a fire giant

Illustrated notes

Levels and vault maps discovered:
D:        dungeon_sprint_1 [red_sonja_temple_1, red_sonja_temple_small_1]

Skill      XL: |  1  2  3  4  5  6  7  8  9 10 11 |
---------------+----------------------------------+-----
Dodging        | 3 4 5 6 7 8 |  8.7
Stealth        | 6 9 11 14 16 18 20 24 27 | 27.0
Hexes          | 6 9 11 13 15 16 17 18 | 18.3
Spellcasting   | 3 4 5 6 7 8 9 |  9.1
Short Blades   | 2 3 4 5 7 8 |  8.8
Ice Magic      | 1 2 |  2.7
Invocations    | 2 4 6 7 9 12 | 12.6
Fighting       | 1 2 3 |  3.5
Transmutations | 1 3 |  3.7
Earth Magic    | 1 3 |  3.0
Shields        | |  0.9
Evocations     | |  0.2

Action                   |  1- 3 |  4- 6 |  7- 9 | 10-12 || total
-------------------------+-------+-------+-------+-------++-------
Melee: Dagger            |    12 |     4 |     9 |   103 ||   128
       Bite              |     3 |       |       |    11 ||    14
       Punch             |       |       |       |     1 ||     1
 Cast: Ensorcelled Hiber |     1 |     1 |       |     1 ||     3
       Passwall          |       |       |       |     5 ||     5
       Confusing Touch   |       |       |       |     3 ||     3
Invok: Shadow Step       |       |       |     1 |     2 ||     3
 Abil: Exsanguinate      |       |       |       |     1 ||     1
       Revivify          |       |       |       |     1 ||     1
Evoke: Wand              |     1 |       |       |       ||     1
       Phantom mirror    |       |       |       |     1 ||     1
  Use: Potion            |     2 |       |       |     2 ||     4
       Scroll            |       |       |     1 |     1 ||     2
 Stab: Paralysed         |     1 |       |       |       ||     1
       Sleeping          |       |     4 |     9 |    45 ||    58
       Confused          |       |       |       |     2 ||     2
Armor: Robe              |       |       |       |     2 ||     2
Dodge: Dodged            |     5 |       |       |    30 ||    35
Block: Other             |       |       |       |     5 ||     5

Table legend: (Time is in decaauts)
 A = Elapsed time spent in this place.
 B = Non-inter-level travel time spent in this place.
 C = Inter-level travel time spent in this place.
 D = Time resting spent in this place.
 E = Time spent auto-exploring this place.
 F = Levels seen in this place.
 G = Mean time per level.
                   A        B        C        D        E       F      G
               +--------+--------+--------+--------+--------+-----+--------+
         Total |   1801 |   1768 |     33 |    653 |      0 |   1 | 1801.0 |
       Dungeon |   1801 |   1768 |     33 |    653 |      0 |   1 | 1801.0 |
               +--------+--------+--------+--------+--------+-----+--------+

Top non-repeatable levels by time:
       D: 1801 daAuts
